[Event "55th Iranian-ch Men Final 2022"]
[Site "Iran"]
[Date "2022.06.15"]
[Round "1.1"]
[White "Daghli, Arash"]
[Black "Mosadeghpour, Masoud"]
[Result "1/2-1/2"]
[ECO "A47"]
[WhiteElo "2441"]
[BlackElo "2474"]
[Annotator "TA"]
[PlyCount "20"]
[EventDate "2022.06.15"]
[EventType "tourn"]
[EventCountry "IRI"]
[SourceTitle "playchess.com"]
[Source "ChessBase"]
[SourceQuality "1"]
[TimeControl "40/5400+30:1800+30"]

1. d4 Nf6 2. Nf3 e6 3. Bf4 b6 4. e3 Bb7 5. Nbd2 Bd6 6. Bxd6 {[%emt 0:02:55] A47: 1 d4 Nf6 2 Nf3 b6: Torre, London and Colle Systems.} cxd6 7. Bd3 {[%emt 0:00:19] The position is equal.} d5 {[%emt 0:01:19] [#] Inhibits e4.} 8. a4 $146 ({Predecessor:} 8. Qe2 O-O 9. h4 Qc8 10. g4 Ba6 11. g5 Ne4 12. h5 d6 13. g6 fxg6 14. hxg6 {1-0 (47) Thorsbro,P (2192)-Fries Nielsen,J (2370) Fredericia 2022}) 8... Nc6 9. c3 d6 10. Qe2 e5 {[%emt 0:10:06] Not much happened in this game.  Weighted Error Value: White=0.07 (flawless) /Black=0.10 (very precise)} 1/2-1/2

[Event "55th Iranian-ch Men Final 2022"]
[Site "Iran"]
[Date "2022.06.15"]
[Round "1.2"]
[White "Poormosavi, Seyed Kian"]
[Black "Daneshvar, Bardiya"]
[Result "0-1"]
[ECO "B11"]
[WhiteElo "2358"]
[BlackElo "2486"]
[Annotator "TA"]
[PlyCount "116"]
[EventDate "2022.06.15"]
[EventType "tourn"]
[EventCountry "IRI"]
[SourceTitle "playchess.com"]
[Source "ChessBase"]
[SourceQuality "1"]
[TimeControl "40/5400+30:1800+30"]

1. e4 c6 2. Nf3 d5 3. Nc3 Bg4 4. h3 Bxf3 5. Qxf3 e6 6. d4 Nf6 7. exd5 {[%emt 0:00:02] B11: Caro-Kann: Two Knights Variation.} cxd5 8. Bd3 Nc6 9. Ne2 {[%emt 0:00:02] The position is equal.} Nb4 10. Bb5+ Nd7 {[%emt 0:01:16] [#]} 11. O-O $146 (11. Ba4 $11) ({Predecessor:} 11. Ba4 b5 12. Bb3 Nc6 13. c3 Bd6 14. O-O Qf6 15. Qd3 Rb8 16. f4 g6 17. g4 {0-1 (50) Iglesias Ferreira,A (2146)-Buendia Pinar,A (2295) La Roda 2022}) 11... Nxc2 $15 12. Rb1 {[%emt 0:01:18] a3 is the strong threat.} Nb4 $1 13. a3 (13. Qg3 $1 $11) 13... Nc6 14. Qg3 Nf6 15. Bf4 Ne4 16. Qg4 f5 (16... Rc8 $17) 17. Qf3 Be7 18. Qe3 Kf7 19. Bxc6 bxc6 20. f3 (20. b4 $11) 20... Nd6 {[%emt 0:02:25] Black is more active.} 21. b3 Rc8 22. Be5 Bg5 23. Nf4 Re8 24. Qf2 Kg8 25. Nd3 $1 Nf7 26. f4 Be7 27. b4 Qb6 28. Rfc1 Qb5 (28... a5 $15) 29. Nc5 Nxe5 30. fxe5 Bxc5 31. Rxc5 Qd3 32. Rbc1 Qxa3 33. b5 Rc7 34. Qd2 Rf8 ({Better is} 34... Rb7 $17 35. bxc6 Rc7) 35. Rxc6 $11 Re7 36. Rc8 Ref7 37. Rxf8+ Rxf8 $15 {[%emt 0:00:05][%mdl 4096] Endgame KQR-KQR} 38. Kh1 f4 39. Qc3 {[%emt 0:00:30] [#] This costs White the game.} (39. Rc3 $17 Qb4 40. Qd3) 39... Qxc3 $19 40. Rxc3 {[%emt 0:00:00] KR-KR} Rb8 41. Rc5 Kf7 {[%emt 0:00:00] Strongly threatening ...h5.} 42. g3 (42. Kg1 {is the only way for White.}) 42... fxg3 43. Kg2 Kg6 44. Kxg3 Kf5 45. Rc7 Ke4 46. Re7 Rxb5 47. Rxe6 Rb7 {[%emt 0:00:16] Prevents Re7.} 48. Re8 Kxd4 {[%emt 0:32:34] And now ...Ke3 would win.} 49. Kf4 (49. Kf2) 49... Rf7+ 50. Kg5 Ke4 51. e6 Rf5+ 52. Kg4 Rf6 53. h4 d4 {[%emt 0:00:00][%cal Bd5d4,Bd4d3,Bd3d2][%mdl 32] Black mates.} 54. Re7 d3 55. Rxg7 Rxe6 56. Rxh7 d2 57. Rd7 {[%emt 0:00:00] [#]} Ke3 $1 58. Kf5 Re8 {[%emt 0:00:00] Weighted Error Value: White=0.51/Black=0.18 (very precise)} 0-1

[Event "55th Iranian-ch Men Final 2022"]
[Site "Iran"]
[Date "2022.06.15"]
[Round "1.3"]
[White "Naderi, Abdollah"]
[Black "Khamisi, S Jafar"]
[Result "1-0"]
[ECO "C65"]
[WhiteElo "2050"]
[BlackElo "2118"]
[Annotator "NA RC"]
[PlyCount "81"]
[EventDate "2022.06.15"]
[EventType "tourn"]
[EventCountry "IRI"]
[SourceTitle "playchess.com"]
[Source "ChessBase"]
[SourceQuality "1"]
[TimeControl "40/5400+30:1800+30"]

1. e4 e5 2. Nf3 Nc6 3. Bb5 Nf6 4. d3 Bc5 5. Bxc6 dxc6 6. O-O Nd7 7. Nbd2 O-O 8. Nc4 Re8 9. c3 f6 10. b4 Bf8 11. Be3 Nb6 12. Na5 Rb8 13. h3 Be6 14. Re1 Qd7 15. d4 exd4 16. Bxd4 Qf7 17. e5 f5 18. Ng5 Qg6 19. Nxe6 Qxe6 20. Qb3 Qxb3 21. axb3 Kf7 22. Nc4 Nxc4 23. bxc4 a6 24. f4 Ke6 25. Kf2 Rbd8 26. Ke3 Rd7 27. g4 Be7 28. Rg1 Bd8 29. Rg2 Rf8 30. Rag1 Rff7 31. h4 fxg4 32. Rxg4 g6 33. h5 gxh5 34. Rg8 Kf5 35. Re8 Be7 36. Rxe7 Rdxe7 37. Rg5+ Ke6 38. Ke4 Kd7 39. f5 Ke8 40. e6 Rf8 41. Ke5 1-0

[Event "55th Iranian-ch Men Final 2022"]
[Site "Iran"]
[Date "2022.06.15"]
[Round "1.4"]
[White "Omidi, Arya"]
[Black "Darini, Pouria"]
[Result "0-1"]
[ECO "B62"]
[WhiteElo "2321"]
[BlackElo "2431"]
[Annotator "TA"]
[PlyCount "70"]
[EventDate "2022.06.15"]
[EventType "tourn"]
[EventCountry "IRI"]
[SourceTitle "playchess.com"]
[Source "ChessBase"]
[SourceQuality "1"]
[TimeControl "40/5400+30:1800+30"]

1. e4 c5 2. Nf3 Nc6 3. d4 cxd4 4. Nxd4 Nf6 5. Nc3 d6 6. Bg5 e6 7. Qd3 Bd7 {[%emt 0:00:48] Nowadays more popular than 7...a6. B62: Sicilian: Richter-Rauzer: 6...e6: Unusual White 7th moves.} 8. Ndb5 Nb4 9. Qd1 Qb8 {[%emt 0:01:21] White is slightly better.} 10. Bf4 e5 11. Bg5 a6 12. Bxf6 gxf6 13. Na3 ({Worse is} 13. a3 Nc6 14. Nd5 axb5 $17) 13... b5 {[%emt 0:00:08] Prevents Nc4.} 14. Nab1 Bg7 {[%emt 0:00:30] [#]} 15. a3 $146 ({Predecessor:} 15. g3 O-O 16. a3 Nc6 17. Nd5 Ra7 18. Bg2 f5 19. exf5 Bxf5 20. O-O Kh8 21. Nd2 {0-1 (32) Delchev,A (2500)-Shevchenko,K (2633) Struga 2021}) 15... Nc6 16. Nd5 f5 17. exf5 Bxf5 18. Ne3 (18. Nbc3 $11) 18... Be6 $1 $15 {[%emt 0:06:57][%cal Od6d5] This bishop pair is nice.} 19. Bd3 (19. Nc3 $1 $15) 19... d5 $17 {[%emt 0:07:59] [#] aiming for ...e4. White is on the road to losing.} 20. Bf5 e4 21. Bxe6 fxe6 22. Qh5+ Ke7 23. c3 Qe5 24. Qh3 Qf4 {[%emt 0:15:30] Active counter play!} 25. Nd2 Ne5 {[%emt 0:02:40] And now ...Nd3+ would win.} 26. O-O Qh6 27. Qg3 (27. Qxh6 $17 Bxh6 28. Rae1) 27... Rhg8 $19 28. h3 Raf8 29. a4 Nd7 {[%emt 0:01:15] ...Be5 is the strong threat.} 30. h4 $2 (30. Nxe4 {nothing else works.} dxe4 31. Rfd1) 30... Be5 31. Qh3 Rf4 32. h5 Qg5 {[%emt 0:01:36] White must now prevent ...Rh4.} 33. g3 (33. Qg3 Qxg3 34. fxg3 Rxf1+ 35. Ndxf1) 33... Rh4 34. Qg2 {[%emt 0:00:15] [#]} Bxg3 $1 {[%emt 0:00:24][%mdl 512] ( -> ...Bh2+)} 35. fxg3 (35. f4 Bh2+) 35... Qxe3+ {[%emt 0:00:07] Weighted Error Value: White=0.83/Black=0.09 (flawless)} 0-1

[Event "55th Iranian-ch Men Final 2022"]
[Site "Iran"]
[Date "2022.06.15"]
[Round "1.5"]
[White "Rastbod, Ali"]
[Black "Atakhan, Abtin"]
[Result "1-0"]
[ECO "D36"]
[WhiteElo "2362"]
[BlackElo "2358"]
[Annotator "TA"]
[PlyCount "40"]
[EventDate "2022.06.15"]
[EventType "tourn"]
[EventCountry "IRI"]
[SourceTitle "playchess.com"]
[Source "ChessBase"]
[SourceQuality "1"]
[TimeControl "40/5400+30:1800+30"]

1. d4 d5 2. c4 e6 3. Nc3 Nf6 4. cxd5 exd5 5. Bg5 Be7 6. e3 h6 7. Bh4 O-O 8. Bd3 Re8 9. Nge2 Nbd7 10. Qc2 c6 11. h3 Ne4 12. Bxe7 {[%emt 0:00:33] D36: Queen's Gambit Declined: Exchange Variation: Main line (5 Bg5 c6 6 Qc2).} Qxe7 13. Bxe4 dxe4 14. Ng3 {[%emt 0:00:05] White has an edge.} Nf6 15. O-O c5 {[%emt 0:13:36] [#]} (15... b6 $11) 16. dxc5 $146 ({Predecessor:} 16. Rfd1 b6 17. Rac1 cxd4 18. Rxd4 Bb7 19. Nf5 Qc7 20. Nd5 Qe5 21. Nxf6+ Qxf6 22. Nd6 {1-0 (62) Verma,A (1908)-Neale,G (1622) Bournemouth 2016}) 16... Qxc5 17. Rac1 Qe7 18. Rfd1 g6 19. Ncxe4 Nxe4 20. Qxe4 Qxe4 {[%emt 0:00:08] Weighted Error Value: White=0.06 (flawless) /Black=0.28 (precise)} 1-0

[Event "55th Iranian-ch Men Final 2022"]
[Site "Iran"]
[Date "2022.06.15"]
[Round "1.6"]
[White "Tahbaz, Arash"]
[Black "Mousavi, Seyed Khalil"]
[Result "0-1"]
[ECO "A66"]
[WhiteElo "2451"]
[BlackElo "2524"]
[Annotator "TA"]
[PlyCount "45"]
[EventDate "2022.06.15"]
[EventType "tourn"]
[EventCountry "IRI"]
[SourceTitle "playchess.com"]
[Source "ChessBase"]
[SourceQuality "1"]
[TimeControl "40/5400+30:1800+30"]

1. d4 Nf6 2. c4 e6 3. Nc3 c5 4. d5 exd5 5. cxd5 d6 6. e4 g6 7. f4 Bg7 8. e5 {[%emt 0:06:00] A66: Modern Benoni: Mikenas Attack.} (8. Bb5+ $1 $14 Nfd7 9. Nf3) 8... Nfd7 $1 $15 9. e6 fxe6 10. dxe6 {[%emt 0:00:25] Black is slightly better.} Nb6 11. a4 $1 {[%emt 0:09:48] [#]} a5 $146 ({Predecessor:} 11... Bxe6 12. a5 Nc8 13. Bb5+ Bd7 14. Bc4 Qh4+ 15. g3 Bxc3+ 16. bxc3 Qf6 17. Ne2 Ne7 {½-½ (24) Roa Alonso,S (2335)-Narciso Dublan,M (2455) Ponferrada 1997}) 12. Qb3 {[%emt 0:13:45] And now Nf3 would win.} Nc6 {[%emt 0:14:39] White must now prevent ...d5.} 13. Nf3 d5 {[%emt 0:04:47] ...0-0 is the strong threat.} 14. f5 (14. Be3 $15 Bd4 15. Bxd4 cxd4 16. Ne2) 14... O-O $17 {[%emt 0:03:58] Threatens to win with ...c4.} 15. Bg5 {[%emt 0:01:52] [#]} Bf6 16. Bh6 (16. Be3 $17 {keeps fighting.} Be7 17. fxg6) 16... Re8 $2 (16... c4 $19 {has better winning chances.} 17. Qb5 Bxc3+ 18. bxc3 Rxf5) 17. O-O-O {[%emt 0:00:36][%cal Rc3d5] [#]} gxf5 ({Better is} 17... Nb4 $1 $17 18. g4 c4) 18. g4 {[%emt 0:00:08] Now White is beyond hope.} ({White should try} 18. e7 $15 Nxe7 19. Bb5) 18... fxg4 $19 19. Ne4 $2 (19. Nxd5 Bxe6 20. Qxb6 Bxd5 21. Qxd8 Raxd8 22. Rxd5 Rxd5 23. Bc4) 19... Bxe6 {[%emt 0:03:50] Black is clearly winning.} (19... gxf3 20. Nxf6+ Qxf6 21. Rg1+ Kh8 22. Bg7+ Qxg7 23. Rxg7 Kxg7 24. Qxb6 $16) 20. Nfg5 Nd4 21. Qg3 Bf5 22. Bd3 dxe4 23. Nxe4 {[%emt 0:00:04] Weighted Error Value: White=1.06/Black=0.16 (very precise)} 0-1

[Event "55th Iranian-ch Men Final 2022"]
[Site "Iran"]
[Date "2022.06.15"]
[Round "1.7"]
[White "Ashraf, Artin"]
[Black "Ghaem Maghami, Ehsan"]
[Result "1/2-1/2"]
[ECO "E32"]
[WhiteElo "2096"]
[BlackElo "2519"]
[Annotator "TA"]
[PlyCount "40"]
[EventDate "2022.06.15"]
[EventType "tourn"]
[EventCountry "IRI"]
[SourceTitle "playchess.com"]
[Source "ChessBase"]
[SourceQuality "1"]
[TimeControl "40/5400+30:1800+30"]

1. d4 Nf6 2. c4 e6 3. Nc3 Bb4 4. Qc2 d6 5. Nf3 Nbd7 6. Bd2 b6 {[%emt 0:01:56] E32: Nimzo-Indian: Classical (4 Qc2): 4...0-0.} 7. e4 Bb7 8. Bd3 e5 {[%emt 0:07:11] White is slightly better.} 9. a3 Bxc3 10. Bxc3 Qe7 11. O-O Nh5 {[%emt 0:01:51] [#]} 12. Rfe1 $146 ({Predecessor:} 12. g3 c5 13. d5 g5 14. Bd2 f6 15. b4 Ng7 16. Rfb1 O-O 17. g4 Kf7 18. h3 {½-½ (31) Bergdahl,A-Runstrom,H Sweden 1969}) 12... Nf4 {[%emt 0:05:56][%cal Of7f5] [#]} 13. Bf1 $1 O-O 14. d5 Bc8 15. g3 Nh5 16. b4 g6 17. c5 Ndf6 18. Rac1 {[%emt 0:35:08] White is more active. White is clearly better.} Ng4 19. h3 Ngf6 20. Bd2 Ne8 {[%emt 0:00:30] Black did not feel at home in the position after the opening.  Weighted Error Value: White=0.05 (flawless) /Black=0.17 (very precise)} 1/2-1/2

[Event "55th Iranian-ch Men Final 2022"]
[Site "Iran"]
[Date "2022.06.16"]
[Round "2.1"]
[White "Mosadeghpour, Masoud"]
[Black "Ghaem Maghami, Ehsan"]
[Result "1/2-1/2"]
[ECO "C45"]
[WhiteElo "2474"]
[BlackElo "2519"]
[Annotator "TA"]
[PlyCount "109"]
[EventDate "2022.06.15"]
[EventType "tourn"]
[EventCountry "IRI"]
[SourceTitle "playchess.com"]
[Source "ChessBase"]
[SourceQuality "1"]
[TimeControl "40/5400+30:1800+30"]

1. e4 e5 2. Nf3 Nc6 3. d4 exd4 4. Nxd4 Nf6 5. Nxc6 bxc6 6. Nd2 d5 7. exd5 {[%emt 0:01:47] C45: Scotch Game.} cxd5 8. Bb5+ Bd7 9. Bxd7+ Qxd7 10. O-O Be7 11. b3 O-O 12. Bb2 Rfe8 {[%emt 0:08:21] 12...a5 is the fancy move.} 13. Re1 Ng4 14. Ne4 {[%emt 0:22:57][%cal Bd2e4,Be4g3,Bg3f5,Bf5e7,Be7d5][%mdl 32] [#]} Bf8 $146 ({Predecessor:} 14... f5 15. Ng3 Bc5 16. Rf1 Qe6 17. Qf3 f4 18. Nh5 Nxf2 19. Nxg7 Ne4+ 20. Kh1 Qg6 21. Qxf4 Rf8 22. Qe5 Nf2+ 23. Rxf2 Bxf2 24. Qxd5+ Qf7 25. Nf5 {1-0 (25) Sahin,O (2266)-Pandey,S (2066) Novi Sad 2021}) 15. Qd2 Qc6 16. Ng3 Bc5 17. Bd4 Bxd4 18. Qxd4 Nf6 19. Nf5 {[%emt 0:06:10] [#] And now Ne7+ would win.} Qxc2 20. Ne7+ Kf8 21. Nxd5 c5 22. Qc3 Qxc3 23. Nxc3 Rad8 24. Rxe8+ Kxe8 $11 {[%emt 0:00:50][%mdl 4096] Endgame KRN-KRN} 25. Re1+ Kf8 26. Kf1 Rd4 {[%emt 0:04:26] Prevents Ne4.} 27. Rd1 Rxd1+ 28. Nxd1 {[%emt 0:00:01] KN-KN} Nd5 29. Ke2 Ke7 30. Kd2 Kd6 31. Ne3 Ne7 {[%emt 0:00:19] Against Nf5+} 32. Kd3 a6 33. Ke4 Ke6 34. g4 Nc8 35. Nc4 Ne7 36. Ne3 Nc8 37. f4 {[%emt 0:00:35] [#] Threatens to win with f5+.} Nd6+ 38. Kd3 h6 39. Nc4 Ne8 40. Ne3 Nd6 41. Nc4 Ne8 42. Nb6 Nd6 43. Na4 Kd5 44. Nc3+ Kc6 45. Ne4 Nb5 46. h4 Nc7 (46... Kd5 $11) 47. Nc3 ({Better is} 47. Kc4 $14) 47... g6 48. Ke4 {[%emt 0:00:26] Strongly threatening Ke5.} Kd6 49. g5 hxg5 50. hxg5 Ne8 51. Kd3 Kc6 52. Nd1 f6 53. Ne3 (53. f5 $5 gxf5 54. g6 $11) 53... fxg5 54. fxg5 Nd6 55. Ng2 {[%emt 0:00:52] A balanced but interesting game.  Weighted Error Value: White=0.05 (flawless) /Black=0.04 (flawless)} 1/2-1/2

[Event "55th Iranian-ch Men Final 2022"]
[Site "Iran"]
[Date "2022.06.16"]
[Round "2.2"]
[White "Mousavi, Seyed Khalil"]
[Black "Ashraf, Artin"]
[Result "1/2-1/2"]
[ECO "B12"]
[WhiteElo "2524"]
[BlackElo "2096"]
[Annotator "TA"]
[PlyCount "89"]
[EventDate "2022.06.15"]
[EventType "tourn"]
[EventCountry "IRI"]
[SourceTitle "playchess.com"]
[Source "ChessBase"]
[SourceQuality "1"]
[TimeControl "40/5400+30:1800+30"]

1. e4 c6 2. d4 d5 3. f3 Qb6 4. Nc3 dxe4 5. fxe4 e5 $1 6. Nf3 {[%emt 0:01:13] B12: Caro-Kann: Advance Variation.} exd4 7. Nxd4 $1 {[%emt 0:00:07] 7.Nxd4 is better than 7.Qxd4.} Bc5 8. Na4 Qa5+ 9. c3 {[%emt 0:00:32] Active counter play!} Be7 10. Bf4 Nf6 11. Bd3 (11. b4 $11 Qd8 12. Qc2) 11... O-O (11... b5 $1 $15 12. Bxb8 Rxb8 13. Nxc6 Qc7 14. Nxb8 Qxb8) 12. O-O $11 {[%emt 0:05:08][%cal Bh1f1,Bf1f4,Bf4f5,Bf5h5][%mdl 32] Black must now prevent e5.} b5 {[%emt 0:06:48] [#]} 13. e5 $146 {[%emt 0:12:49][%mdl 2048] White fights for an advantage.} (13. Bxb8 Rxb8 14. e5 (14. Nxc6 $2 Qc7 $19) 14... bxa4 $17) ({Predecessor:} 13. Bxb8 Rxb8 14. Nxc6 Qc7 15. Nxb8 bxa4 16. Na6 Bxa6 17. Bxa6 Qb6+ 18. Kh1 Qxa6 19. Qf3 {0-1 (46) Haitovich,A (1929)-Reprun,N (1969) Skopje 2015}) 13... Nd5 14. e6 (14. Qh5 $2 g6 15. Qe2 Nxf4 16. Rxf4 bxa4 $19) 14... Nxf4 (14... fxe6 $11 15. Bxb8 Rxf1+ 16. Qxf1 Bd7) 15. Rxf4 $16 bxa4 $2 (15... Bxe6 {keeps fighting.} 16. Qe2 (16. Qh5 g6 $11) 16... Qd8) 16. Rf5 $1 $18 Qd8 (16... Bc5 $142) 17. exf7+ $2 (17. Qh5 g6 18. Qh6 $1 fxe6 19. Rh5 $1) 17... Kh8 18. Rh5 h6 (18... Rxf7 19. Rxh7+ Kg8 20. Rh8+ $3 Kxh8 21. Qh5+ Kg8 22. Qh7+ Kf8 23. Qh8#) 19. Qf3 Ba6 (19... Bf6 20. Qe4) 20. Bc2 (20. Be4 $1 $18 {and White stays clearly on top. Intending Qf5 and mate.} Nd7 21. Nxc6 (21. Qf5 Nf6 $16) 21... Qb6+ 22. Kh1) 20... Nd7 $16 {[%emt 0:00:35] ...Nf6 is the strong threat.} (20... Bf6 {gets mated.} 21. Qe4) 21. Qxc6 {[%emt 0:09:06] Threatening mate with Rxh6+.} Qb6 {[%emt 0:04:35] Hoping for ...Qxc6.} 22. Qe4 Nf6 {[%emt 0:00:06] Prevents Qh7+.} 23. Qg6 {[%emt 0:00:41][%cal Oh5h6] Rxh6+! would kill now. Dancing on a razor blade.} Rxf7 $1 24. Qxf7 Qxb2 {[%emt 0:01:27] [#]} ({Better is} 24... Nxh5 $14 25. Qxh5 (25. Qxe7 Qxb2 26. Re1 Nf6 $16) 25... Rf8) 25. Rd1 $1 $18 Nxh5 26. Qxe7 ({Only move:} 26. Qxh5 $18 Bc4 27. Qf3 (27. Qg6 Bg8 $15)) 26... Nf6 $11 27. Ne6 Rg8 28. Bg6 {[%emt 0:00:37][%mdl 8192] [#]} (28. Nd4 $15) 28... Qe2 $1 $19 29. Qd6 Qe3+ 30. Kh1 {[%emt 0:00:04] [#]} Ng4 $1 {[%emt 0:00:11] ( -> ...Nf2+)} 31. h3 Nf2+ 32. Kh2 Nxd1 33. Bf5 (33. Nf4 $142 Qb6 34. Qxd1) 33... Qf2 $2 ({Black should play} 33... Bc8 $19 34. Nd4 Nxc3) 34. Nf4 $1 $11 {[%emt 0:00:18] Strongly threatening Ng6+.} Re8 35. Ng6+ Kh7 $1 36. Ne7+ Kh8 37. Ng6+ Kh7 $1 38. Ne7+ Kh8 39. Ng6+ Kh7 $1 40. Qd5 {[%emt 0:00:00] And now Qf7 would win.} Bb7 41. Ne7+ Kh8 42. Qg8+ Rxg8 43. Ng6+ Kh7 44. Nf8+ $1 {[%emt 0:00:08][%mdl 64] Discovered Attack (Double check)} Kh8 45. Ng6+ {[%emt 0:23:03] Quite a comeback for White.  Weighted Error Value: White=0.44/Black=0.47} 1/2-1/2

[Event "55th Iranian-ch Men Final 2022"]
[Site "Iran"]
[Date "2022.06.16"]
[Round "2.3"]
[White "Atakhan, Abtin"]
[Black "Tahbaz, Arash"]
[Result "1-0"]
[ECO "D37"]
[WhiteElo "2358"]
[BlackElo "2451"]
[Annotator "TA"]
[PlyCount "122"]
[EventDate "2022.06.15"]
[EventType "tourn"]
[EventCountry "IRI"]
[SourceTitle "playchess.com"]
[Source "ChessBase"]
[SourceQuality "1"]
[TimeControl "40/5400+30:1800+30"]

1. d4 Nf6 2. c4 e6 3. Nf3 d5 4. Nc3 Be7 5. Bf4 O-O 6. e3 Nbd7 7. a3 {[%emt 0:00:08] D37: Queen's Gambit Declined: 5 Bf4.} c5 8. cxd5 Nxd5 9. Nxd5 {[%emt 0:00:07] White has an edge.} exd5 10. dxc5 Nxc5 11. Be5 Bf6 12. Bxf6 Qxf6 13. Qd4 Qd6 14. Rd1 (14. Bd3 {keeps more tension.} Nb3 15. Qh4 h6 16. Rd1) 14... Rd8 15. Be2 Bf5 16. Qd2 {[%emt 0:00:09] [#] Prevents Bc2.} Qg6 $146 ({Predecessor:} 16... Nb3 17. Qc3 Qb6 18. Nd4 Nxd4 19. Qxd4 Qxd4 20. Rxd4 Rac8 21. g4 Rc1+ 22. Rd1 Rxd1+ 23. Bxd1 {½-½ (66) Nepomniachtchi,I (2784)-Nakamura,H (2736) chess24.com INT 2020}) 17. Nh4 Qg5 18. Nxf5 Qxf5 19. O-O Rd6 20. Bf3 Rad8 21. Qa5 b6 22. Qb5 (22. Qxa7 Qe6 23. Bxd5 Rxd5 24. Rxd5 Qxd5 25. Qxb6 Ne4 $17) 22... Qe5 23. Rd2 g6 (23... Rh6 24. h3 $14) 24. b4 Ne6 25. Rfd1 Kg7 26. Bg4 (26. Bxd5 $2 Nc7 27. Qc4 Rxd5 $19) 26... Ng5 27. Rd4 h5 28. Be2 (28. Bf3 $5) 28... Ne6 29. R4d2 Nc7 30. Qd3 d4 31. exd4 Rxd4 32. Qc3 Ne6 {[%emt 0:00:26][%cal Bc7e6,Be6d4,Bd4b3,Bb3d2][%mdl 32] ...f6 is the strong threat.} 33. Bf1 Qf6 {[%emt 0:00:47] And now ...Rxd2 would win.} 34. Rxd4 Nxd4 35. Rc1 Rd5 36. h3 (36. Qd3 {is more complex.} h4 37. Rc8 Rd6 38. h3) 36... Rd6 37. Qc7 Nb3 38. Rc3 Nd2 39. Rd3 (39. Bd3 $2 Rxd3 40. Rxd3 Qa1+ 41. Kh2 Nf1+ 42. Kh1 Ng3+ 43. Kh2 Ne2 $19) (39. Re3 {with more complications.} h4 40. Bb5 a5 41. bxa5 Rd5 42. Qc1) 39... Rxd3 40. Bxd3 $11 {[%emt 0:00:00][%mdl 4096] Endgame KQB-KQN} Qa1+ 41. Kh2 Qd4 42. Be2 h4 43. f3 $1 g5 {[%emt 0:09:47] Hoping for ...Qf4+.} 44. Kh1 $1 Kf6 45. Qc6+ $1 (45. Qxa7 Qa1+ 46. Kh2 Qe5+ 47. Kh1 Qxe2 $17) 45... Kf5 {[%emt 0:05:13] White must now prevent ...Qa1+.} 46. Ba6 Kf4 47. Qc7+ Qe5 48. Qc1 (48. Qxf7+ Kg3) 48... Qd4 49. Qc7+ Qe5 50. Qc1 (50. Qxf7+ {leads to mate.} Kg3) 50... Qd6 (50... Qe3 $11) 51. Qc3 $1 $18 f5 52. Bd3 Ke3 53. Ba6+ (53. Bxf5+ $16 Ke2 54. Kg1 (54. Qc2 Qd4 $11)) 53... Kf4 $14 54. Bd3 (54. Bb5 $14) 54... Ke3 $18 55. Bxf5+ Ke2 {[%emt 0:00:01] [#]} 56. Kg1 $36 {[%emt 0:00:39][%mdl 2048] Black is under strong pressure.} (56. Qc2 Qd4 $11) 56... Qd5 $2 {[%emt 0:00:47] [#]} (56... a5 57. f4 (57. bxa5 bxa5 58. f4 gxf4 $16) 57... gxf4 58. Bg4+ (58. bxa5 bxa5 59. Bg4+ f3 $16) 58... f3 59. Bxf3+ (59. bxa5 bxa5 60. Bxf3+ Nxf3+ 61. Qxf3+ Kd2 $16) 59... Nxf3+ 60. Qxf3+ Kd2) 57. Bg4 $1 {[%emt 0:00:44] White is clearly winning.} Qd3 58. f4+ $1 Ke3 59. Qxd3+ Kxd3 60. fxg5 {[%emt 0:00:06] Intending g6 and mate.} Kd4 61. g6 {[%emt 0:00:24] g7 would kill now.} Kd5 {[%emt 0:01:49] Weighted Error Value: White=0.09 (flawless) /Black=0.10 (very precise)} 1-0

[Event "55th Iranian-ch Men Final 2022"]
[Site "Iran"]
[Date "2022.06.16"]
[Round "2.4"]
[White "Darini, Pouria"]
[Black "Rastbod, Ali"]
[Result "0-1"]
[ECO "B12"]
[WhiteElo "2431"]
[BlackElo "2362"]
[Annotator "TA"]
[PlyCount "90"]
[EventDate "2022.06.15"]
[EventType "tourn"]
[EventCountry "IRI"]
[SourceTitle "playchess.com"]
[Source "ChessBase"]
[SourceQuality "1"]
[TimeControl "40/5400+30:1800+30"]

1. e4 c6 2. d4 d5 3. e5 c5 4. Nf3 cxd4 5. Nxd4 Nc6 6. Nxc6 {[%emt 0:03:03] B12: Caro-Kann: Advance Variation.} bxc6 7. Bd3 e6 8. O-O {[%emt 0:00:09] The position is equal.} Ne7 9. Nd2 Ng6 {[%emt 0:01:16] 9...a5 is more fashionable.} 10. Nf3 Be7 11. c4 O-O 12. Qc2 c5 {[%emt 0:07:49] [#]} 13. Re1 $146 ({Predecessor:} 13. h4 Bxh4 14. cxd5 Bb7 15. dxe6 Bxf3 16. exf7+ Rxf7 17. Bxg6 hxg6 18. gxf3 Qd5 19. Qe4 Qxe4 20. fxe4 {1-0 (48) Bologan,V (2690)-Khenkin,I (2614) Sibenik 2010}) 13... Bb7 14. cxd5 exd5 15. Bd2 d4 16. Be4 Bxe4 17. Qxe4 Qb6 18. h4 {[%emt 0:05:55] And now h5 would win.} Rfe8 (18... Qxb2 $2 19. Reb1 Qa3 20. h5 $18) 19. h5 Nf8 20. b4 cxb4 21. Nxd4 Bc5 22. Be3 Bxd4 23. Bxd4 Qe6 24. Re3 ({Better is} 24. f4 $11) 24... Qc4 25. Bb2 Qxe4 26. Rxe4 a5 27. Rd1 Rac8 {[%emt 0:02:44] aiming for ...Rc2.} 28. Rd2 {[%emt 0:00:18] Against Rc2} f5 $1 29. Re3 a4 $1 {[%emt 0:00:54] Black keeps a firm grip on the game.} 30. h6 {[%emt 0:01:00] [#]} (30. a3 $17 {was worth a try.}) 30... Ne6 $1 $19 31. hxg7 a3 32. Bxa3 ({But not} 32. Bd4 $2 Red8 33. Kh2 (33. Red3 $2 Rxd4 34. Rxd4 Nxd4 $19) 33... Rxd4 $19) 32... bxa3 33. Rxa3 Re7 {[%emt 0:01:00] Prevents Ra7.} 34. Rad3 Kxg7 35. Rf3 (35. Rd7 $17 Kf7 36. R7d5) 35... f4 36. Rh3 Rc5 37. Re2 $2 (37. Kh2) 37... Kg6 $2 (37... Rc1+ 38. Kh2 Rd7) 38. f3 $2 (38. Re1 {was called for.}) 38... h5 {[%emt 0:00:40] Hoping for ...Rc1+.} 39. Kf2 Nd4 40. Re4 (40. Rd2 Nf5 41. Rh1) 40... Rc2+ 41. Kg1 Ne2+ 42. Kh2 Kg5 43. e6 Ng3 44. Re5+ Kf6 45. Ra5 Rc1 {[%emt 0:00:48] Weighted Error Value: White=0.76/Black=0.30} (45... Nf1+ $142 46. Kg1 Rc1 47. Rc5 Rxc5 48. g3 {[#]} fxg3 $1 49. Kxf1 Rc2 50. Rh4 Rb7 51. Rf4+ Kg5 52. Rg4+ hxg4 53. f4+ Kxf4 54. Kg1 Rb1#) 0-1